 Dungeon Crawl Stone Soup version 0.24-a0-725-gf1a930fc54 (webtiles) character file.

Game seed: 2832500241848798780, levelgen mode: deterministic

336 Peloso the Covered (level 6, 0/56 HPs)
             Began as a Minotaur Fighter on Oct 1, 2019.
             Succumbed to a gnoll sergeant's poison
             ... on level 4 of the Dungeon.
             The game lasted 00:08:06 (3438 turns).

Peloso the Covered (Minotaur Fighter)               Turns: 3438, Time: 00:08:06

Health: 0/56       AC:  7    Str: 21    XL:     6   Next: 28%
Magic:  5/5        EV:  8    Int:  5    God:
Gold:   146        SH: 11    Dex: 11    Spells: 5/5 levels left

rFire    . . .     SeeInvis .   a - +0 long sword
rCold    . . .     Gourm    .   c - +1 shield
rNeg     . . .     Faith    .   b - +0 scale mail
rPois    .         Spirit   .   (helmet restricted)
rElec    .         Reflect  .   (no cloak)
rCorr    .         Harm     .   (no gloves)
MR       .....                  (no boots)
Stlth    +.........             (no amulet)
HPRegen  0.18/turn              i - ring of stealth
MPRegen  0.09/turn              (no ring)

@: lethally poisoned (0 -> -50), about to teleport
A: retaliatory headbutt, horns 2
a: no special abilities


You were on level 4 of the Dungeon.
You were not hungry.

You visited 1 branch of the dungeon, and saw 4 of its levels.

You collected 146 gold pieces.

Inventory:

Hand Weapons
 a - a +0 long sword (weapon)
Armour
 b - a +0 scale mail (worn)
 c - a +1 shield (worn)
Jewellery
 e - an uncursed ring of positive energy
 i - a ring of stealth (left hand)
Scrolls
 g - 3 scrolls of identify
 l - a scroll of teleportation
Potions
 k - a potion of haste
Comestibles
 f - 5 rations


   Skills:
 + Level 5.0 Fighting
 + Level 4.3 Long Blades
   Level 0.6 Axes
 + Level 5.6 Armour
 + Level 1.1 Dodging
 + Level 0.1 Stealth
 + Level 4.9 Shields


You had 5 spell levels left.
You didn't know any spells.
Your spell library was empty.

Dungeon Overview and Level Annotations

Branches:
Dungeon (4/15)
 Temple: D:4-7

Altars:
Qazlal
Ru


Innate Abilities, Weirdness & Mutations

You reflexively headbutt those who attack you in melee.
You have a pair of horns on your head.


Message History

The adder bites you but does no damage. The gnoll closely misses you.
You furiously retaliate!
You headbutt the gnoll.
You kill the gnoll!
You block the adder's attack.
The gnoll sergeant hits you from afar with a +0 spear of venom.
* * * LOW HITPOINT WARNING * * *
The quokka bites you but does no damage.
Unknown command.
You completely miss the worm.
The worm is lightly wounded.
* * * LOW HITPOINT WARNING * * *
You feel very sick.
You block the adder's attack. x2; The quokka barely misses you.
You furiously retaliate!
You headbutt the quokka, but do no damage.
The adder bites you but does no damage.
The gnoll sergeant hits you but does no damage.
You are more poisoned.
You block the worm's attack.
You die...

###......#.......##...##
.#..............†..##..##
...............#........#
...............P.P.....##
...........P♣.P.P..P...#
.........PP♣♣.♣♣♣♣....#####
........S.♣♣♣♣♣♣♣♣♣.....#.#
...#..{r.P♣♣♣♣.........#..
.......oSw@P.♣.PP..........
.......Zg.#.......##.......
..........................#
...........(.....#.###.P...
..###.......(....#.....♣P..
. #..##..(...#.......♣...
.... #.....)##....P♣♣♣..
.....#..##.........PP ♣♣.
.........##........♣♣ ♣..


You could see a gnoll sergeant, a worm, an orc priest, 2 adders, a quokka and a
leopard gecko skeleton.

Vanquished Creatures
  An ogre (D:4)
  2 orc wizards (D:3)
  Terence (D:3)
  3 gnolls (D:4)
  4 adders
  2 worms (D:3)
  4 dart slugs
  4 leopard geckos
  8 orcs
  2 ball pythons (D:3)
  3 giant cockroaches
  8 goblins
  11 hobgoblins
  9 jackals
  A quokka (D:3)
  5 bats
  4 frilled lizards (D:1)
  4 kobolds
  5 rats
81 creatures vanquished.

Notes
Turn   | Place    | Note
-------+----------+-------------------------------------------
     0 | D:1      | Peloso the Minotaur Fighter began the quest for the Orb.
     0 | D:1      | Reached XP level 1. HP: 19/19 MP: 0/0
   152 | D:1      | Reached XP level 2. HP: 26/27 MP: 1/1
   639 | D:1      | You fall into a shaft and drop 1 floor!
   683 | D:2      | Reached XP level 3. HP: 22/33 MP: 2/2
   694 | D:2      | Found a sacrificial altar of Ru.
  1145 | D:2      | Found a stormy altar of Qazlal.
  2315 | D:3      | Noticed Terence
  2326 | D:3      | Reached XP level 4. HP: 41/41 MP: 3/3
  2352 | D:3      | Killed Terence
  2780 | D:3      | Reached XP level 5. HP: 45/47 MP: 4/4
  3061 | D:3      | Found a faded altar of an unknown god.
  3130 | D:3      | Reached skill level 5 in Armour
  3324 | D:4      | Noticed an ogre
  3330 | D:4      | Killed an ogre
  3330 | D:4      | Reached skill level 5 in Fighting
  3330 | D:4      | Reached skill level 1 in Dodging
  3330 | D:4      | Reached XP level 6. HP: 53/56 MP: 5/5
  3438 | D:4      | Succumbed to a gnoll sergeant's poison

Levels and vault maps discovered:
D:1:      ncdulo_lavacross, layout_basic
D:2:      layout_loops_ring, nicolae_ru_awakened_eye,
          nicolae_qazlal_eye_of_the_storm, serial_rivers,
          chequers_serial_rivers_large_a, chequers_serial_rivers_small_3,
          chequers_serial_rivers_room_a, chequers_serial_rivers_small_3,
          chequers_serial_rivers_micro_c
D:3:      layout_basic, chequers_ecumenical_altar_simple_redux, first_ration,
          uniq_terence
D:4:      layout_cave_pools, nicolae_dithmenos_shadow_blocks, serial_forest,
          infiniplex_forest_zigzag_1, infiniplex_forest_clump_long,
          infiniplex_forest_clump_small, infiniplex_forest_lined_2,
          infiniplex_forest_clump_long, infiniplex_forest_clump_tiny,
          infiniplex_forest_fountain, serial_shops, shop_coins,
          minmay_ogre_servants

Skill      XL: |  1  2  3  4  5 |
---------------+----------------+-----
Fighting       | 4 5 |  5.0
Long Blades    | 3 4 |  4.3
Shields        | 4 |  4.9
Armour         | 4 5 |  5.6
Dodging        | 1 |  1.1
Axes           | |  0.6
Stealth        | |  0.1

Action                   |  1- 3 |  4- 6 || total
-------------------------+-------+-------++-------
Melee: Long sword        |    69 |    48 ||   117
       Headbutt          |     9 |    26 ||    35
       War axe           |       |    79 ||    79
  Use: Potion            |     2 |     2 ||     4
       Scroll            |     1 |     6 ||     7
  Eat: Chunk             |     4 |     4 ||     8
Armor: Scale mail        |    40 |    77 ||   117
Dodge: Dodged            |    22 |    47 ||    69
Block: Shield            |    41 |    94 ||   135
       Rpst.: Long sword |     7 |     8 ||    15

Table legend:
 A = Non-vault XP
 B = Vault XP
 C = Vault XP percentage of total XP
 D = Non-vault monster count
 E = Vault monster count
 F = Vault count percentage of total count
                 A         B        C        D         E       F
            +---------+---------+-------+---------+---------+-------
      Total |     444 |      36 |   7.5 |      80 |       1 |   1.2
            +---------+---------+-------+---------+---------+-------
        D:1 |      47 |       0 |   0.0 |      26 |       0 |   0.0
        D:2 |      46 |       0 |   0.0 |      10 |       0 |   0.0
        D:3 |     166 |      36 |  17.8 |      34 |       1 |   2.9
        D:4 |     185 |       0 |   0.0 |      10 |       0 |   0.0
            +---------+---------+-------+---------+---------+-------
